 Dungeon Crawl Stone Soup version 0.29-a0-617-g7a6b98fccd (webtiles) character file.

Game seed: 2562109936723201002

4 DuloT34 the Firebug (level 1, -1/11 HPs)
             Began as an Octopode Fire Elementalist on June 17, 2022.
             Slain by a kobold
             ... wielding a +0 club
              (2 damage)
             ... on level 1 of the Dungeon.
             The game lasted 00:00:46 (68 turns).

DuloT34 the Firebug (Octopode Fire Elementalist)      Turns: 68, Time: 00:00:47

Health: -1/11      AC:  1    Str:  7    XL:     1   Next: 70%
Magic:  1/3        EV: 13    Int: 17    God:
Gold:   13         SH:  0    Dex: 12    Spells: 3/4 levels left

rFire   . . .      SeeInvis .   d - +0 short sword
rCold   . . .      Faith    .   (no shield)
rNeg    . . .      Spirit   .   (helmet restricted)
rPois   .          Reflect  .   (no amulet)
rElec   .          Harm     .   b - +4 ring of slaying
rCorr   .          Rampage  .   (no ring)
Will    .....                   (no ring)
Stlth   +++.......              (no ring)
HPRegen 0.03/turn               (no ring)
MPRegen 0.08/turn               (no ring)
                                (no ring)
                                (no ring)

@: no status effects
A: almost no armour, amphibious, 8 rings, camouflage 1, gelatinous body 1,
(nimble swimmer 1), tentacles
a: no special abilities


You were on level 1 of the Dungeon.
You visited 1 branch of the dungeon, and saw 1 of its levels.

You collected 13 gold pieces.

Inventory:

Hand Weapons
 d - a +0 short sword (weapon)
Jewellery
 b - a +4 ring of slaying (left tentacle)
Scrolls
 e - a scroll of noise {unknown}
Potions
 a - a potion of magic
 c - a potion of flight {unknown}


   Skills:
 + Level 0.2 Fighting
 + Level 2.1 Dodging
 - Level 2.6 Stealth
 + Level 2.0 Spellcasting
 + Level 1.1 Conjurations
 + Level 3.0 Fire Magic


You had 3 spell levels left.
You knew the following spells:

 Your Spells              Type           Power      Damage    Failure   Level
a - Foxfire               Conj/Fire      32%        2x1d5     9%          1

Your spell library contained the following spells:

 Spells                   Type           Power      Damage    Failure   Level
 Scorch                   Fire           24%        2d6       9%          2
 Conjure Flame            Conj/Fire      8%         6-21      24%         3
 Inner Flame              Hex/Fire       6%         N/A       30%         3
 Flame Wave               Conj/Fire      8%         2d5       63%         4


Dungeon Overview and Level Annotations

Branches:
Dungeon (1/15)

Altars:


Innate Abilities, Weirdness & Mutations

You cannot wear most types of armour.
You are amphibious.
You can wear up to eight rings at the same time.
Your skin changes colour to match your surroundings (Stealth+).
Your rubbery body absorbs attacks. (AC +1, EV +1)
((You are camouflaged when in or above water. (Stealth+)))
You have tentacles for arms and can constrict up to eight enemies at once.


Message History

d - a +0 short sword (weapon)
Unknown command.
You see here a scroll labelled FUFRILURAN.
e - a scroll labelled FUFRILURAN
Things that are here:
a stone; a kobold corpse A kobold comes into view.
It is wielding a +0 club.
Found a spear.
A quokka comes into view.
The frilled lizard hisses angrily.
A goblin comes into view. It is wielding a +0 dagger.
The frilled lizard bites you.
The quokka moves out of view.
The kobold shouts!
The goblin shouts!
You hit the frilled lizard. Your grab misses the frilled lizard.
The frilled lizard is heavily wounded.
The kobold barely misses you. The frilled lizard misses you.
You closely miss the frilled lizard. Your grab misses the frilled lizard.
The frilled lizard is heavily wounded.
The frilled lizard bites you. The kobold hits you but does no damage.
You barely miss the kobold. Your grab misses the kobold.
A ball python comes into view.
The kobold hits you with a +0 club.
* * * LOW HITPOINT WARNING * * *
Casting: Foxfire (safe; 9% risk of failure)
Confirm with . or Enter, or press ? or * to list all spells.
You conjure some foxfire!
The ball python hisses angrily.
The kobold closely misses you.
Your foxfire dissipates!
The kobold attacks as you move away! The kobold closely misses you.
The foxfire hits the ball python.
The ball python is moderately wounded.
Casting: Foxfire (safe; 9% risk of failure)
Confirm with . or Enter, or press ? or * to list all spells.
You conjure some foxfire!
The kobold hits you with a +0 club.
* * * LOW HITPOINT WARNING * * *
Your foxfire dissipates!
The kobold attacks as you move away! The kobold hits you with a +0 club.
You die...

#...#.....##..♣♣♣♣♣.♣
####.##......#....(.⌠.<.
.....##..........♣♣♣♣♣.♣
###..##......#...# ♣⌠♣
#.#..........#...# ♣.♣
##.##........##.... ...
.......#.#........######.####
.......##(##.....## ..
.....#...#.#@v...# .
.....#...##K####.# ####
#....S#.l)#.# ####..#gr?# .
#...#..!# #..##.#### #... #
#..# ...


You could see a ball python and a kobold (ally target).

Vanquished Creatures
  An endoplasm (D:1)
  A giant cockroach (D:1)
  A jackal (D:1)
  A kobold (D:1)
4 creatures vanquished.

Vanquished Creatures (others)
  A foxfire (D:1)
1 creature vanquished.

Grand Total: 5 creatures vanquished

Notes
Turn   | Place    | Note
-------+----------+-------------------------------------------
     0 | D:1      | DuloT34 the Octopode Fire Elementalist began the quest for
                  | the Orb.
     0 | D:1      | Reached XP level 1. HP: 11/11 MP: 3/3
    68 | D:1      | Slain by a kobold

Illustrated notes

Levels and vault maps discovered:
D:1:      scummos_arrival_forest, layout_basic, basic_ecumenical_altar,
          grunt_decor_arrowhead, minmay_vboxes

Action                   || total
-------------------------++-------
Melee: Unarmed           ||    15
       Short sword       ||     3
       Constrict         ||     3
       Tentacles         ||     3
 Cast: Foxfire           ||     2
 Stab: Sleeping          ||     1
Armor: Skin              ||     2
Dodge: Dodged            ||    18

Table legend: (Time is in decaauts)
 A = Elapsed time spent in this place.
 B = Non-inter-level travel time spent in this place.
 C = Inter-level travel time spent in this place.
 D = Time resting spent in this place.
 E = Time spent auto-exploring this place.
 F = Levels seen in this place.
 G = Mean time per level.
                   A        B        C        D        E       F      G
               +--------+--------+--------+--------+--------+-----+--------+
         Total |     67 |     67 |      0 |      0 |     22 |   1 |   67.0 |
       Dungeon |     67 |     67 |      0 |      0 |     22 |   1 |   67.0 |
               +--------+--------+--------+--------+--------+-----+--------+

Top non-repeatable levels by time:
     D:1: 67 daAuts
